 Dungeon Crawl Stone Soup version 0.29.0-15-g675c0067aa (webtiles) character file.

Game seed: 2415242510008929378

998 qw the Chopper (level 8, -15/52 HPs)
             Began as a Gargoyle Fighter on Sept 11, 2022.
             Was a Believer of Okawaru.
             Engulfed by a cloud of flame (21 damage)
             ... on level 6 of the Dungeon.
             The game lasted 00:01:32 (5468 turns).

qw the Chopper (Gargoyle Fighter)                   Turns: 5468, Time: 00:01:32

Health: -15/52     AC: 19    Str: 21    XL:     8   Next: 19%
Magic:  10/10      EV:  6    Int: 10    God:    Okawaru [**....]
Gold:   190        SH:  4    Dex:  9    Spells: 7/7 levels left

rFire   . . .      SeeInvis .   l - +0 war axe (spect)
rCold   . . .      Faith    .   c - +0 buckler
rNeg    + . .      Spirit   .   s - +0 plate armour
rPois   inf        Reflect  .   a - +1 helmet
rElec   +          Harm     .   (no cloak)
rCorr   .          Rampage  .   (no gloves)
Will    .....                   (no boots)
Stlth   ..........              (no amulet)
HPRegen 0.17/turn               (no ring)
MPRegen 0.12/turn               (no ring)

@: flying
A: sickness immunity, AC +5, negative energy resistance 1, electricity
resistance, torment resistance 1, petrification resistance, big wings, robust 1,
subdued magic 1
a: Renounce Religion, Heroism


You were on level 6 of the Dungeon.
You worshipped Okawaru.
Okawaru was pleased with you.
You visited 2 branches of the dungeon, and saw 7 of its levels.

You collected 190 gold pieces.


Innate Abilities, Weirdness & Mutations

You are immune to sickness and miasma.
Your stone body is resilient. (AC +5)
You are immune to poison.
You resist negative energy. (rN+)
You are resistant to electric shocks. (rElec)
You are resistant to unholy torment.
You are immune to petrification.
Your large and strong wings let you fly.
You are robust. (+10% HP)
Your spells are a little easier to cast, but a little less powerful.


   Skills:
 - Level 4.0 Fighting
 - Level 7.0 Axes
 - Level 2.1 Throwing
 + Level 3.7 Armour
 - Level 1.2 Dodging
 - Level 3.2 Shields
 + Level 3.5 Invocations


You had 7 spell levels left.
You didn't know any spells.
Your spell library was empty.

Inventory:

Hand Weapons
 g - a +0 flail
 l - a +0 spectral war axe (weapon)
Missiles
 h - a boomerang (quivered)
 q - a silver javelin
Armour
 a - a +1 helmet (worn)
 c - a +0 buckler (worn)
 f - the +1 ring mail "Tistroqapn" {rCorr}
   (You found it on level 2 of the Dungeon)

   rCorr:     It protects you from acid and corrosion.
 s - a +0 plate armour (worn)
Scrolls
 n - a scroll of identify
Potions
 d - a potion of might
 e - a potion of mutation
 i - 2 potions of lignification
 j - a potion of attraction
 k - a potion of experience {unknown}
 o - a potion of haste {unknown}

Dungeon Overview and Level Annotations

Branches:
Dungeon (6/15)             Temple (1/1) D:4

Altars:
Ashenzari
Cheibriados
Dithmenos
Elyvilon
Gozag
Hepliaklqana
Kikubaaqudgha
Nemelex Xobeh
Okawaru
Ru
Sif Muna
Trog
Uskayaw
Vehumet
Wu Jian
Xom
Yredelemnul
Zin

Annotations:
D:1 2 runed translucent doors


Message History

Press: ? - help, Q - select action Shift-Dir - straight line, f/p - scorpion You throw a boomerang.
The boomerang barely misses the scorpion.
You hit the scorpion.
The scorpion is heavily wounded.
Your +0 spectral war axe hits the scorpion!
You kill the scorpion!
Okawaru accepts your kill.
You see here a scorpion corpse.
q - a silver javelin You reach down and open the door.
Found a ring mail.
There is an open door here.
You now have 175 gold pieces (gained 21).
You now have 190 gold pieces (gained 15).
Found a robe.
You see here a +0 robe.
You're in a travel-excluded area, stopping explore.
Enter note: You're in a travel-excluded area, stopping explore.
You're in a travel-excluded area, stopping explore.
5461 ||| Stepping randomly (stuck).
You're in a travel-excluded area, stopping explore.
You're in a travel-excluded area, stopping explore.
5462 ||| Stepping randomly (stuck).
Really fly into that cloud of flame?
You are engulfed in blazing flames.
You're standing in a cloud of flame!
You are engulfed in blazing flames.
You're standing in a cloud of flame!
You are engulfed in blazing flames.
You're standing in a cloud of flame!
You are engulfed in blazing flames.
You're standing in a cloud of flame!
You are engulfed in blazing flames.
You're standing in a cloud of flame!
You are engulfed in blazing flames.
You're standing in a cloud of flame!
You are engulfed in blazing flames.
You die...

####.# #.#
######.##.# #.#
[.....#.#.####.#
...###......##.#
....#####.#[##.#
...## #.#.##.#
#.##
#....0.########
#.#
###....00.....#
#.#
#.####@####...
#'## ...# #¤#
...## #.#.# #¤#
....## #...# ###
.....## # ...
#8# ......# ...#
##### .....?+
##¤## ......#
#¤# ..%..##


There were no monsters in sight!

Vanquished Creatures
  A water moccasin (D:5)
  An ice beast (D:5)
  An ogre (D:5)
  2 scorpions
  2 jellies
  Ijyb (D:3)
  A hound (D:4)
  An orc priest (D:4)
  2 iguanas
  Natasha (thrice) (D:3)
  5 orc wizards
  Robin (D:3)
  6 gnolls
  4 adders
  A white imp (D:5)
  An ufetubus (D:5)
  A dart slug (D:4)
  10 orcs
  8 ball pythons
  6 endoplasms
  3 giant cockroaches
  6 hobgoblins
  3 jackals (D:3)
  3 quokkas
  7 bats
  A frilled lizard (D:3)
  12 goblins
  6 kobolds
  7 rats
106 creatures vanquished.

Vanquished Creatures (others)
  An orc wizard (D:4)
1 creature vanquished.

Grand Total: 107 creatures vanquished

Notes
Turn   | Place    | Note
-------+----------+-------------------------------------------
     0 | D:1      | qw the Gargoyle Fighter began the quest for the Orb.
     0 | D:1      | Reached XP level 1. HP: 14/14 MP: 1/1
     0 | D:1      | 0 ||| qw: Version: 0.1-a-119-g272c26d
     0 | D:1      | 0 ||| qw: Game counter: 10702
     0 | D:1      | 0 ||| qw: Always use a shield: true
     0 | D:1      | 0 ||| qw: God list: Okawaru
     0 | D:1      | 0 ||| qw: Allow faded altars: false
     0 | D:1      | 0 ||| qw: Do Orc after D:15 true
     0 | D:1      | 0 ||| qw: Do second Lair branch before Depths: true
     0 | D:1      | 0 ||| qw: Lair rune preference: random
     0 | D:1      | 0 ||| qw: Plans: Normal, Zot, God:TSO, Crypt, Tomb, Pan,
                  | Slime, Hells, Zig, Abyss, Orb
     0 | D:1      | 0 ||| PLANNING D:1-11
    21 | D:1      | Reached skill level 2 in Axes
    57 | D:1      | Found a large runed translucent door.
    57 | D:1      | Found a large runed translucent door.
    71 | D:1      | Reached XP level 2. HP: 19/19 MP: 2/2
   505 | D:1      | Found a faded altar of an unknown god.
   938 | D:1      | 938 ||| READING 2 scrolls labelled QETEGR GONGAIC.
   939 | D:1      | 939 ||| READING scroll labelled WIBAHEDISI.
   940 | D:1      | 940 ||| DROPPING scroll of butterflies.
   992 | D:2      | 992 ||| Stepping ~*~*~tactically~*~*~ (stealth).
  1005 | D:2      | Reached skill level 3 in Axes
  1109 | D:2      | 1109 ||| Stepping ~*~*~tactically~*~*~ (stealth).
  1120 | D:2      | Reached XP level 3. HP: 20/23 MP: 3/3
  1250 | D:2      | Identified the +1 ring mail "Tistroqapn" {rCorr}
  1341 | D:2      | Found an ancient bone altar of Kikubaaqudgha.
  1404 | D:2      | 1404 ||| DROPPING +0 club.
  1784 | D:2      | 1784 ||| READING scroll labelled BIGROBBA WULEP.
  1785 | D:2      | 1785 ||| READING scroll labelled ZEEHADEFOA.
  1880 | D:3      | Noticed Natasha
  1885 | D:3      | Killed Natasha
  1886 | D:3      | Reached skill level 1 in Throwing
  1886 | D:3      | Reached XP level 4. HP: 25/28 MP: 4/4
  1959 | D:3      | Noticed Ijyb
  1961 | D:3      | 1961 ||| Stepping ~*~*~tactically~*~*~ (hiding).
  1971 | D:3      | Killed Ijyb
  2275 | D:3      | Noticed Natasha
  2276 | D:3      | 2276 ||| Stepping ~*~*~tactically~*~*~ (hiding).
  2282 | D:3      | Killed Natasha
  2283 | D:3      | Reached skill level 4 in Axes
  2283 | D:3      | Reached XP level 5. HP: 26/32 MP: 5/5
  2379 | D:3      | 2379 ||| Stepping ~*~*~tactically~*~*~ (stealth).
  2381 | D:3      | 2381 ||| FLEEEEING.
  2382 | D:3      | 2382 ||| FLEEEEING.
  2383 | D:3      | 2383 ||| FLEEEEING.
  2386 | D:3      | 2386 ||| FLEEEEING.
  2387 | D:3      | 2387 ||| FLEEEEING.
  2388 | D:3      | 2388 ||| FLEEEEING.
  2389 | D:3      | 2389 ||| FLEEEEING.
  2390 | D:3      | 2390 ||| FLEEEEING.
  2391 | D:3      | 2391 ||| FLEEEEING.
  2523 | D:3      | Found an ornate altar of the Wu Jian Council.
  2524 | D:3      | 2524 ||| Stepping ~*~*~tactically~*~*~ (stealth).
  2537 | D:3      | Noticed Natasha
  2548 | D:3      | Killed Natasha
  2666 | D:3      | 2666 ||| Stepping ~*~*~tactically~*~*~ (stealth).
  2680 | D:3      | Noticed Robin
  2686 | D:3      | Killed Robin
  2688 | D:3      | Reached skill level 5 in Axes
  2688 | D:3      | 2688 ||| FLEEEEING.
  2756 | D:3      | 2756 ||| Stepping ~*~*~tactically~*~*~ (stealth).
  2954 | D:3      | 2954 ||| UPGRADING to +0 helmet.
  2959 | D:3      | 2959 ||| READING scroll labelled IXUURR SURUCRE.
  2960 | D:3      | 2960 ||| DRINKING 3 fizzy coppery potions.
  2961 | D:3      | 2961 ||| DRINKING 3 coppery potions.
  2962 | D:3      | 2962 ||| DROPPING potion of invisibility.
  2963 | D:3      | 2963 ||| DROPPING 2 potions of brilliance.
  2964 | D:3      | 2964 ||| DROPPING 2 potions of flight.
  3010 | D:4      | Found a staircase to the Ecumenical Temple.
  3011 | D:4      | 3011 ||| PLANNING TEMPLE
  3017 | D:4      | Reached XP level 6. HP: 26/38 MP: 6/6
  3117 | D:4      | 3117 ||| DRINKING 3 bubbling yellow potions.
  3163 | Temple   | Entered the Ecumenical Temple
  3305 | Temple   | 3305 ||| PLANNING D:1-11
  3323 | Temple   | Became a worshipper of Warmaster Okawaru
  3350 | D:4      | 3350 ||| Stepping ~*~*~tactically~*~*~ (stealth).
  3356 | D:4      | 3356 ||| Stepping ~*~*~tactically~*~*~ (stealth).
  3361 | D:4      | 3361 ||| Stepping ~*~*~tactically~*~*~ (stealth).
  3364 | D:4      | 3364 ||| DROPPING +0 whip.
  3365 | D:4      | 3365 ||| Stepping ~*~*~tactically~*~*~ (stealth).
  3367 | D:4      | 3367 ||| Stepping ~*~*~tactically~*~*~ (stealth).
  3499 | D:4      | 3499 ||| DRINKING potion of curing.
  3499 | D:4      | 3499 ||| (to cure confusion)
  3525 | D:4      | Reached skill level 1 in Dodging
  3634 | D:4      | 3634 ||| Stepping ~*~*~tactically~*~*~ (stealth).
  3749 | D:4      | Found a shadowy altar of Dithmenos.
  3923 | D:4      | 3923 ||| Stepping ~*~*~tactically~*~*~ (stealth).
  4020 | D:4      | Reached XP level 7. HP: 17/43 MP: 7/7
  4238 | D:4      | Found a glowing silver altar of Zin.
  4264 | D:4      | Found a faded altar of an unknown god.
  4264 | D:4      | Found a hazy altar of Hepliaklqana.
  4267 | D:4      | Found a faded altar of an unknown god.
  4321 | D:4      | 4321 ||| Stepping ~*~*~tactically~*~*~ (stealth).
  4433 | D:4      | 4433 ||| DRINKING 2 bubbling amethyst potions.
  4433 | D:4      | Gained mutation: Your spells are a little easier to cast,
                  | but a little less powerful. [potion of mutation]
  4433 | D:4      | Gained mutation: Your large and strong wings let you fly.
                  | [potion of mutation]
  4433 | D:4      | Gained mutation: You are robust. (+10% HP) [potion of
                  | mutation]
  4459 | D:4      | 4459 ||| DRINKING 2 viscous brown potions.
  4488 | D:5      | Entered Level 5 of the Dungeon
  4499 | D:5      | Reached skill level 6 in Axes
  4645 | D:5      | 4645 ||| Stepping ~*~*~tactically~*~*~ (hiding).
  4652 | D:5      | 4652 ||| Stepping ~*~*~tactically~*~*~ (hiding).
  4657 | D:5      | 4657 ||| Stepping ~*~*~tactically~*~*~ (hiding).
  4667 | D:5      | 4667 ||| FLEEEEING.
  4669 | D:5      | 4669 ||| FLEEEEING.
  4673 | D:5      | 4673 ||| FLEEEEING.
  4674 | D:5      | 4674 ||| STAIRDANCE
  4746 | D:4      | 4746 ||| DROPPING amulet of guardian spirit.
  4750 | D:5      | Reached * piety under Okawaru
  4751 | D:5      | 4751 ||| STAIRDANCE
  4793 | D:5      | 4793 ||| Stepping ~*~*~tactically~*~*~ (hiding).
  4847 | D:5      | 4847 ||| Stepping ~*~*~tactically~*~*~ (stealth).
  4850 | D:5      | Reached skill level 1 in Invocations
  4964 | D:5      | Identified the +3 scale mail of the Demon Prince {Regen+}
  5031 | D:5      | 5031 ||| INVOKING Heroism.
  5160 | D:5      | Reached skill level 7 in Axes
  5160 | D:5      | Reached skill level 3 in Invocations
  5160 | D:5      | Reached XP level 8. HP: 52/52 MP: 8/10
  5333 | D:5      | 5333 ||| UPGRADING to +3 scale mail of the Demon Prince
                  | {Regen+}.
  5343 | D:5      | 5343 ||| DROPPING +0 scale mail.
  5344 | D:5      | 5344 ||| UPGRADING to +0 plate armour.
  5354 | D:5      | 5354 ||| DROPPING +3 scale mail of the Demon Prince
                  | {Regen+}.
  5355 | D:5      | 5355 ||| READING 2 scrolls labelled YWKEIV BEUL.
  5356 | D:5      | 5356 ||| READING scroll of enchant armour.
  5356 | D:5      | 5356 ||| ENCHANTING +0 helmet.
  5357 | D:5      | 5357 ||| READING scroll labelled ROTEEM JUYL.
  5399 | D:6      | 5399 ||| INVOKING Heroism.
  5422 | D:6      | Reached ** piety under Okawaru
  5461 | D:6      | 5461 ||| Stepping randomly (stuck).
  5462 | D:6      | 5462 ||| Stepping randomly (stuck).
  5466 | D:6      | HP: 7/52 [something (18)]
  5468 | D:6      | Engulfed by a cloud of flame

Levels and vault maps discovered:
D:1:      erik_arrival_cave_to_civilisation [erik_arrival_cave_to_temple],
          layout_basic, shapermc_ecumenical_altar_notcrosses
D:2:      layout_basic, basic_altar, st_stairs_2, minmay_pentomino_s2
D:3:      layout_loops_ring, nzn_wu_jian_contemplation, uniq_ijyb, uniq_robin,
          uniq_natasha
D:4:      layout_loops_ring, nicolae_hepliaklqana_ecumenical_no_more,
          zin_statuary, mainiacjoe_overflow_paths, temple_doors_ab
D:5:      layout_loops_cross
D:6:      layout_loops_corners, minmay_shop_enchanted_jewellery,
          lemuel_flamethrower_2
Temple:   eino_narrow_crystal_temple

Skill      XL: |  1  2  3  4  5  6  7 |
---------------+----------------------+-----
Axes           | 2 3 4 5 7 |  7.0
Throwing       | 1 2 |  2.1
Fighting       | 4 |  4.0
Dodging        | 1 |  1.2
Invocations    | 3 |  3.5
Armour         | |  3.7
Shields        | |  3.2

Action                   |  1- 3 |  4- 6 |  7- 9 || total
-------------------------+-------+-------+-------++-------
Melee: War axe           |    67 |   101 |    40 ||   208
Throw: Javelin           |     5 |    22 |    12 ||    39
       Boomerang         |       |     2 |     1 ||     3
Invok: Heroism           |       |       |     2 ||     2
  Use: Scroll            |     4 |     1 |     3 ||     8
       Potion            |       |     4 |     2 ||     6
 Stab: Distracted        |       |     1 |       ||     1
Armor: Scale mail        |    31 |    30 |    16 ||    77
Dodge: Dodged            |    33 |    29 |    10 ||    72
Block: Buckler           |    11 |    12 |     5 ||    28

Table legend:
 A = Non-vault XP
 B = Vault XP
 C = Vault XP percentage of total XP
 D = Non-vault monster count
 E = Vault monster count
 F = Vault count percentage of total count
                 A         B        C        D         E       F
            +---------+---------+-------+---------+---------+-------
      Total |    1309 |     117 |   8.2 |      88 |      18 |  17.0
            +---------+---------+-------+---------+---------+-------
        D:1 |      24 |       3 |  11.1 |      15 |       2 |  11.8
        D:2 |      11 |       3 |  21.4 |       6 |       3 |  33.3
        D:3 |     156 |     111 |  41.6 |      24 |      13 |  35.1
        D:4 |     330 |       0 |   0.0 |      24 |       0 |   0.0
        D:5 |     663 |       0 |   0.0 |      17 |       0 |   0.0
        D:6 |     125 |       0 |   0.0 |       2 |       0 |   0.0
            +---------+---------+-------+---------+---------+-------
